 Dungeon Crawl Stone Soup version 0.29.1-1-gd02db6906a (webtiles) character file.

Game seed: 1776548017182654227

11 Nonny the Charlatan (level 2, 0/14 HPs)
             Began as a Vine Stalker Artificer on Sept 17, 2022.
             Was a Follower of Qazlal.
             Slain by a kobold
             ... wielding a +0 whip
              (2 damage)
             ... on level 1 of the Dungeon.
             The game lasted 00:03:01 (329 turns).

Nonny the Charlatan (Vine Stalker Artificer)         Turns: 329, Time: 00:03:02

Health: 0/14       AC:  3    Str: 14    XL:     2   Next: 25%
Magic:  0/3        EV: 11    Int: 11    God:    Qazlal [*.....]
Gold:   24         SH:  2    Dex: 14    Spells: 1/1 levels left

rFire   . . .      SeeInvis .   a - +0 club
rCold   . . .      Faith    .   (no shield)
rNeg    . . .      Spirit   +   b - +0 leather armour
rPois   .          Reflect  .   (no helmet)
rElec   .          Harm     .   (no cloak)
rCorr   .          Rampage  .   (no gloves)
Will    .....                   (no boots)
Stlth   +.........              (no amulet)
HPRegen 0.04/turn               (no ring)
MPRegen 0.08/turn               (no ring)

@: no status effects
A: fangs 2, magic shield, antimagic bite, no potion heal 2
a: Renounce Religion


You were on level 1 of the Dungeon.
You worshipped Qazlal.
Qazlal was aware of your devotion.
You visited 1 branch of the dungeon, and saw 1 of its levels.

You collected 24 gold pieces.

Inventory:

Hand Weapons
 a - a +0 club (weapon)
Armour
 b - a +0 leather armour (worn)
Wands
 c - a wand of flame (15) (quivered)
 d - a wand of charming (15)
 e - a wand of iceblast (5)
Scrolls
 f - 3 scrolls of identify {unknown}
Potions
 g - a potion of degeneration {unknown}
 h - 2 potions of mutation {unknown}


   Skills:
 + Level 1.0 Fighting
 - Level 2.0 Armour
 + Level 0.9 Dodging
 - Level 1.2 Stealth
 - Level 3.0 Evocations


You had one spell level left.
You didn't know any spells.
Your spell library was empty.

Dungeon Overview and Level Annotations

Branches:
Dungeon (1/15)

Altars:
Qazlal


Innate Abilities, Weirdness & Mutations

You have extremely sharp teeth.
When hurt, damage is shared between your health and your magic reserves.
Your bite disrupts and absorbs the magic of your enemies.
Potions cannot restore your health.


Message History

The kobold shouts!
Found 10 gold pieces.
You see here a scroll labelled UTITWA PAFOHA.
f - 3 scrolls labelled UTITWA PAFOHA (gained 1)
The kobold barely misses you.
You miss the kobold. Your bite misses the kobold.
The kobold closely misses you. x2
You barely miss the kobold. Your punch misses the kobold. You bite the kobold.
You drain its power.
The kobold is severely wounded.
The kobold hits you with a +0 whip.
You barely miss the kobold. Your bite misses the kobold.
The kobold is severely wounded.
The kobold hits you with a +0 whip.
* * * LOW HITPOINT WARNING * * *
You completely miss the kobold. Your bite misses the kobold.
The kobold is severely wounded.
The kobold barely misses you. The kobold hits you but does no damage.
You closely miss the kobold. You bite the kobold.
You kill the kobold!
Qazlal accepts your kill.
Your Fighting skill increases to level 1!
Things that are here:
a +0 whip; a kobold corpse The kobold shouts!
You see here 10 gold pieces.
You now have 24 gold pieces (gained 10).
There are no items here.
The kobold closely misses you. The kobold hits you with a +0 whip.
* * * LOW HITPOINT WARNING * * *
The kobold attacks as you move away! The kobold hits you but does no damage.
Found 8 gold pieces.
The kobold attacks as you move away! You block the kobold's attack.
You see here 8 gold pieces.
The kobold attacks as you move away! The kobold hits you but does no damage.
The kobold attacks as you move away! The kobold misses you.
The kobold attacks as you move away! The kobold closely misses you.
The kobold attacks as you move away! The kobold hits you with a +0 whip.
You die...

#.########...########.#
#....# #.# #...# #.#
#....# #.# #...# #.#
#....# #.# #...#
#.########### #.# #...#
#............ #.## #...#
##............ #..#
#...# #.............
##.#
##.########......$......
#.#
#.....@K....###########
#.# #...#######.# #b...#
#.# #...# #.# #....# #.#
#...# ### #....#
#.########...######
#....#
#........#...#.....
#....#
#........#...#.....
#....#
##........#...#.....
#.........#...#.....


You could see a kobold.

Vanquished Creatures
  2 bats (D:1)
  2 endoplasms (D:1)
  2 quokkas (D:1)
  2 kobolds (D:1)
  2 rats (D:1)
10 creatures vanquished.

Notes
Turn   | Place    | Note
-------+----------+-------------------------------------------
     0 | D:1      | Nonny the Vine Stalker Artificer began the quest for the
                  | Orb.
     0 | D:1      | Reached XP level 1. HP: 9/9 MP: 2/2
    54 | D:1      | Found a faded altar of an unknown god.
    73 | D:1      | Prayed at the altar of an unknown god.
    73 | D:1      | Became a worshipper of Qazlal Stormbringer
    73 | D:1      | Reached * piety under Qazlal
    74 | D:1      | Bloodstained faded altar.
    75 | D:1      | It has a +0 dagger on it.
    75 | D:1      | Starting vault didn't seem very remarkable, which is saying
                  | something...
   180 | D:1      | Reached skill level 3 in Evocations
   238 | D:1      | Reached XP level 2. HP: 9/14 MP: 3/3
   302 | D:1      | Reached skill level 1 in Fighting
   329 | D:1      | Slain by a kobold

Illustrated notes

..## #.. ... #... ..#####
#...######### ..J.>#
#.......#...# #.#.
#.##.###............
#.#.##...................
.#.##.....#.............
#.##.§@..#.............
#.#..................##
#.##...............#.# #
#..#...##.######...#.#
#.#.....###.# #####.##
#...##### ... #... #####
#.)## ###. #..# ########.
#... ###.....###


Turn 74 on D:1: Bloodstained faded altar. ..## #.. ... #... ..#####
#...######### ..J.># #.......#...# #.#. #.##.###............
#.#.##................... .#.##.....#............. #.##.§@..#.............
#.#...○..............## #.##...............#.# # #..#...##.######...#.#
#.#.....###.# #####.## #...##### ... #... ##### #.)## ###. #..# ########. #...
###.....### Turn 75 on D:1: It has a +0 dagger on it.

Levels and vault maps discovered:
D:1:      dpeg_arrival_round_c, layout_loops_cross, serial_co_window_serial,
          co_window_paths_b, co_window_paths_a, co_window_corner_a,
          co_window_corner_a, co_window_paths_b, co_window_unsneaky_path_e,
          co_window_2corner, co_window_cross_4, co_window_of_opportunity_b,
          co_window_paths_c, co_window_broadway_b, co_window_paths_e,
          glass_columns_a, glass_columns_a, glass_columns_b,
          ebering_ecumenical_altar_sacrificial, grunt_decor_arrowhead

Skill      XL: |  1  2 |
---------------+-------+-----
Evocations     | 3 |  3.0
Armour         | 2 |  2.0
Fighting       | 1 |  1.0
Dodging        | |  0.9
Stealth        | |  1.2

Action                   || total
-------------------------++-------
Melee: Club              ||    31
       Bite              ||     7
Armor: Leather armour    ||    13
Dodge: Dodged            ||    27
Block: Other             ||     1
